AoeStats
← juangutierrezortega

Arabia

510149879Analyzed
1v1 RM · 4d ago on Sep 29, 2026· 31m 9s· 2 players
Game mode
Random Map
Map size
Tiny (2 player)
Population
200
Speed
Normal
Resources
Standard
Victory
Conquest
Starting age
Dark Age
Ending age
Imperial Age
RankedLock teamsTeams togetherTeam positionsShared explorationLock speedFull tech treeHidden civsTurbo modeCheats
Victory
Defeat
🇷🇴 Persians · Romania
640
+15
🇪🇸 Teutons · Spain
616
-15
juangutierrezortega
10:00 Feudal Age
8:19 Loom
13:18 Wheelbarrow
14:26 Horse Collar
17:01 Fletching
22:15 Gold Mining
22:18 Stone Mining
23:22 Forging
23:49 Scale Mail Armor
26:02 Castle Age
24:38 Bloodlines
26:41 Pikeman
28:56 Chain Mail Armor
29:47 Iron Casting
29:10 Bodkin Arrow
Naxeete
12:09 Feudal Age
16:59 Castle Age
18:47 Squires
19:29 Man-at-Arms
23:19 Loom
23:55 Double-Bit Axe
24:34 Scale Barding Armor
29:04 Chain Barding Armor
29:35 Forging
30:39 Horse Collar
31:59 Bow Saw
Connection lost

Rejoining the realm…

Still unreachable

The connection could not be restored.

Session expired

The server has moved on; the page needs a fresh start.